 Dungeon Crawl Stone Soup version 0.30-a0-743-gbfdf073431 (webtiles) character file.

Game seed: 14322903673073156070

42 RapScallion the Carver (level 3, 0/31 HPs)
             Began as a Gnoll Wanderer on Feb 7, 2023.
             Killed from afar by Natasha (9 damage)
             ... with a puff of flame
             ... on level 1 of the Dungeon.
             The game lasted 00:03:04 (1074 turns).

RapScallion the Carver (Gnoll Wanderer)             Turns: 1074, Time: 00:03:04

Health: 0/31       AC:  7    Str: 14    XL:     3   Next: 56%
Magic:  7/7        EV: 11    Int:  9    God:
Gold:   90         SH:  0    Dex: 12    Spells: 6/7 levels left

rFire   . . .      SeeInvis .    (no weapon)
rCold   + . .      Faith    .    (no shield)
rNeg    . . .      Spirit   .    k - +0 leather armour {rC+}
rPois   .          Reflect  .    (no helmet)
rElec   .          Harm     .    (no cloak)
rCorr   .          Rampage  .    (no gloves)
Will    +....                    (no boots)
Stlth   +                        (no amulet)
HPRegen 0.25/turn                g - ring of willpower
MPRegen 0.10/turn                j - +4 ring of protection

@: no status effects
A: fangs 1, strong nose, distributed training
a: no special abilities


You were on level 1 of the Dungeon.
You visited 1 branch of the dungeon, and saw 2 of its levels.

You collected 90 gold pieces.

Inventory:

Armour
 b - a +0 scale mail
 k - a +0 leather armour of cold resistance (worn)
Jewellery
 g - a ring of willpower (left hand)
 j - a +4 ring of protection (right hand)
Scrolls
 c - 2 scrolls of fog
 d - a scroll of vulnerability {unknown}
 e - a scroll of silence {unknown}
 f - a scroll of teleportation {unknown}
 h - a scroll of poison {unknown}
 i - a scroll of blinking {unknown}
Potions
 a - a potion of curing {unknown}


   Skills:
 + Level 4.5 Fighting
 + Level 0.9 Short Blades
 + Level 8.5 Long Blades
 + Level 0.9 Axes
 + Level 0.9 Maces & Flails
 + Level 0.9 Polearms
 + Level 0.9 Staves
 + Level 0.9 Ranged Weapons
 + Level 0.9 Throwing
 + Level 2.6 Armour
 + Level 0.9 Dodging
 + Level 0.9 Stealth
 + Level 0.9 Shields
 + Level 0.9 Unarmed Combat
 + Level 2.8 Spellcasting
 + Level 0.6 Conjurations
 + Level 0.6 Hexes
 + Level 0.6 Summonings
 + Level 0.6 Necromancy
 + Level 0.6 Translocations
 + Level 0.6 Transmutations
 + Level 0.6 Fire Magic
 + Level 0.6 Ice Magic
 + Level 0.6 Air Magic
 + Level 0.6 Earth Magic
 + Level 3.8 Poison Magic
 + Level 1.0 Invocations
 + Level 0.9 Evocations


You had 6 spell levels left.
You knew the following spells:

 Your Spells              Type           Power      Damage    Failure   Level
a - Sting                 Tmut/Pois      20%        1d4       16%         1

Your spell library contained the following spells:

 Spells                   Type           Power      Damage    Failure   Level
 Spider Form              Tmut/Pois      5%         N/A       41%         3


Dungeon Overview and Level Annotations

Branches:
Dungeon (2/15)

Altars:

Annotations:
D:1 Natasha


Innate Abilities, Weirdness & Mutations

You have very sharp teeth.
Your uncanny sense of smell can sniff out nearby items.
Your experience applies equally to all skills.


Message History

The crimson imp attacks as you move away!
The crimson imp hits you but does no damage.
The shadow imp attacks as you move away!
The shadow imp barely misses you.
The shadow imp attacks as you move away!
The shadow imp closely misses you.
The crimson imp attacks as you move away!
The crimson imp misses you.
The crimson imp attacks as you move away!
The crimson imp hits you but does no damage.
Natasha growls.
The rat misses you.
The shadow imp hits you but does no damage.
The crimson imp blinks!
There is a stone staircase leading up here.
Natasha zaps a wand.
The puff of flame hits you but does no damage.
The rat bites you.
The crimson imp hits you but does no damage.
You climb upwards.
The crimson imp disappears in a puff of smoke!
The shadow imp disappears in a puff of smoke! x2
There is a stone staircase leading down here.
Okay, then.
You barely miss Natasha. Natasha barely misses you. The rat bites you.
You hit Natasha. Your bite misses Natasha.
Natasha is lightly wounded.
Natasha closely misses you. The rat barely misses you.
You completely miss Natasha. You bite Natasha, but do no damage.
Natasha is lightly wounded.
Natasha claws you but does no damage. The rat bites you but does no damage.
You hit Natasha.
Natasha is moderately wounded.
Natasha zaps a wand.
The puff of flame hits you.
* * * LOW HITPOINT WARNING * * *
The rat completely misses you.
You closely miss Natasha.
Natasha is moderately wounded.
Natasha zaps a wand.
The puff of flame hits you!
You die...

##########
#....r@h.#
##.######.# #...#
#.# ##########...#
#.#
.............#####.#
................##.#
#######..........#.#
# #...^(.....#.# #
#.##...###.#.#


You could see Natasha and a rat.

Vanquished Creatures
  A gnoll (D:1)
  A worm (D:2)
  6 endoplasms
  A giant cockroach (D:1)
  A goblin (D:1)
  3 hobgoblins
  4 jackals (D:1)
  2 quokkas (D:1)
  A ball python (D:1)
  2 bats
  2 frilled lizards
  A kobold (D:1)
  A rat (D:1)
26 creatures vanquished.

Notes
Turn   | Place    | Note
-------+----------+-------------------------------------------
     0 | D:1      | RapScallion the Gnoll Wanderer began the quest for the Orb.
     0 | D:1      | RapScallion set off with the following items: a +2
                  | falchion, a +0 scale mail, a scroll of fog; and the
                  | following spell memorised: Sting; and the following spells
                  | available to memorise: Spider Form.
     0 | D:1      | Reached XP level 1. HP: 20/20 MP: 4/4
    68 | D:1      | Reached XP level 2. HP: 26/26 MP: 5/5
   323 | D:1      | Reached XP level 3. HP: 12/31 MP: 7/7
   900 | D:2      | Reached skill level 1 in Invocations
  1052 | D:2      | Noticed Natasha
  1074 | D:1      | Killed from afar by Natasha

Illustrated notes

Levels and vault maps discovered:
D:1:      amcnicky_arrival_flooded_fountain, layout_loops_ring
D:2:      layout_rooms, uniq_natasha

Skill      XL: |  1  2  3 |
---------------+----------+-----
Invocations    | 1 |  1.0
Fighting       | |  4.5
Short Blades   | |  0.9
Long Blades    | |  8.5
Axes           | |  0.9
Maces & Flails | |  0.9
Polearms       | |  0.9
Staves         | |  0.9
Ranged Weapons | |  0.9
Throwing       | |  0.9
Armour         | |  2.6
Dodging        | |  0.9
Stealth        | |  0.9
Shields        | |  0.9
Unarmed Combat | |  0.9
Spellcasting   | |  2.8
Conjurations   | |  0.6
Hexes          | |  0.6
Summonings     | |  0.6
Necromancy     | |  0.6
Translocations | |  0.6
Transmutations | |  0.6
Fire Magic     | |  0.6
Ice Magic      | |  0.6
Air Magic      | |  0.6
Earth Magic    | |  0.6
Poison Magic   | |  3.8
Evocations     | |  0.9

Action                     || total
---------------------------++-------
  Melee: Falchion          ||    68
         Bite              ||     7
         Unarmed           ||    25
 Armour: Scale mail        ||    21
         Leather armour    ||    20
  Dodge: Dodged            ||    56

Table legend: (Time is in decaauts)
 A = Elapsed time spent in this place.
 B = Non-inter-level travel time spent in this place.
 C = Inter-level travel time spent in this place.
 D = Time resting spent in this place.
 E = Time spent auto-exploring this place.
 F = Levels seen in this place.
 G = Mean time per level.
                   A        B        C        D        E       F      G
               +--------+--------+--------+--------+--------+-----+--------+
         Total |   1064 |   1051 |     13 |     72 |    688 |   2 |  532.0 |
       Dungeon |   1064 |   1051 |     13 |     72 |    688 |   2 |  532.0 |
               +--------+--------+--------+--------+--------+-----+--------+

Top non-repeatable levels by time:
     D:1: 891 daAuts
     D:2: 173 daAuts
